 Dungeon Crawl Stone Soup version 0.31-a0-234-gad7ace16ef (webtiles) character file.

Game seed: 9280568580618637735

186 qw the Shooter (level 5, -3/30 HPs)
             Began as a Gargoyle Hexslinger on July 9, 2023.
             Slain by a gnoll
             ... wielding a +0 flail
              (5 damage)
             ... on level 4 of the Dungeon.
             The game lasted 00:01:00 (2634 turns).

qw the Shooter (Gargoyle Hexslinger)                Turns: 2634, Time: 00:01:01

Health: -3/30      AC: 13    Str: 12    XL:     5   Next: 65%
Magic:  6/6        EV: 10    Int: 13    God:
Gold:   174        SH:  0    Dex: 14    Spells: 5/6 levels left

rFire   . . .        Y - +2 sling
rCold   . . .        (no shield)
rNeg    + . .        a - +0 ring mail
rPois   inf          (no helmet)
rElec   +            (no cloak)
rCorr   .            (no gloves)
SInv    .            (no boots)
Will    .....        (no amulet)
Stlth   +            b - +4 ring of protection
HPRegen 0.25/turn    (no ring)
MPRegen 0.10/turn

%: no passive effects
@: no status effects
A: sickness immunity, AC +4, negative energy resistance 1, electricity
resistance, torment resistance 1, petrification resistance
a: no special abilities


You were on level 4 of the Dungeon.
You visited 1 branch of the dungeon, and saw 4 of its levels.

You collected 174 gold pieces.


Innate Abilities, Weirdness & Mutations

You are immune to sickness and miasma.
Your stone body is resilient. (AC +4)
You are immune to poison.
You resist negative energy. (rN+)
You are resistant to electric shocks. (rElec)
You are resistant to unholy torment.
You are immune to petrification.


   Skills:
 + Level 2.0 Fighting
 - Level 5.0 Ranged Weapons
 - Level 1.9 Armour
 - Level 1.5 Dodging
 - Level 1.0 Spellcasting
 - Level 2.6 Hexes


You had 5 spell levels left.
You knew the following spells:

 Your Spells              Type           Power      Damage    Failure   Level
a - Slow                  Hex            28%        N/A       21%         1

Your spell library contained the following spells:

 Spells                   Type           Power      Damage    Failure   Level
 Inner Flame              Hex/Fire       4%         N/A       71%         3
 Portal Projectile        Hex/Tloc       8%         N/A       71%         3
 Cause Fear               Hex            3%         N/A       90%         4

Inventory:

Hand Weapons
 Y - a +2 sling (weapon)
Armour
 a - a +0 ring mail (worn)
Jewellery
 b - a +4 ring of protection (left hand)
 j - a ring of fire
Potions
 c - a potion of attraction {unknown}
 d - a potion of lignification {unknown}
 e - 3 potions of curing
 f - a potion of heal wounds {unknown}
 g - a potion of degeneration {unknown}
 h - a potion of might {unknown}

Dungeon Overview and Level Annotations

Branches:
Dungeon (4/15)
 Temple: D:4-7

Altars:

Shops:
D:4 (


Message History

The gnoll hits you but does no damage.
You shoot a sling bullet.
The sling bullet barely misses the gnoll.
The gnoll hits you but does no damage.
The gnoll hits you from afar with a +0 spear.
The gnoll barely misses you.
You shoot a sling bullet. The sling bullet hits the gnoll.
The gnoll is heavily wounded.
The gnoll hits you from afar with a +0 spear.
The gnoll hits you but does no damage. The gnoll barely misses you.
The gnoll hits you but does no damage. The gnoll barely misses you.
The gnoll hits you but does no damage.
You shoot a sling bullet.
The sling bullet closely misses the gnoll.
The gnoll closely misses you. The gnoll hits you but does no damage.
The gnoll closely misses you.
You shoot a sling bullet. The sling bullet hits the gnoll.
The gnoll is severely wounded.
The gnoll hits you from afar with a +0 spear.
The gnoll hits you with a +0 flail. The gnoll hits you but does no damage.
The gnoll hits you from afar with a +0 spear!
You shoot a sling bullet.
The sling bullet hits the gnoll but does no damage.
The gnoll is severely wounded.
The gnoll hits you with a +0 flail. The gnoll hits you but does no damage.
The gnoll hits you from afar with a +0 spear. x2
You shoot a sling bullet.
The sling bullet closely misses the gnoll.
The gnoll barely misses you. The gnoll closely misses you.
The gnoll hits you but does no damage. The gnoll barely misses you.
The gnoll hits you but does no damage. The gnoll closely misses you.
The gnoll barely misses you. The gnoll hits you but does no damage.
You shoot a sling bullet.
The sling bullet barely misses the gnoll.
The gnoll hits you but does no damage. The gnoll barely misses you.
The gnoll closely misses you. The gnoll hits you but does no damage.
You shoot a sling bullet.
The sling bullet completely misses the gnoll.
The gnoll hits you with a +0 flail.
You die...

######.#.#
.....#.#.#
#.##.#.#.#########
.
.............>...#
..
#...<#.#.####.##%#
... .....#.#.#
#.##.# ....
.......#.# #.##.#
..... ########.#
#.##g#g..... . ..#
#.##@gg..... ##
### #.####......
... ...... ...
..... ..... ....
....


You could see 4 gnolls.

Vanquished Creatures
  An orc priest (D:2)
  A hound (D:4)
  3 adders
  A worm (D:4)
  2 dart slugs
  4 orcs (D:3)
  3 ball pythons
  8 endoplasms
  5 giant cockroaches
  5 goblins
  9 hobgoblins
  6 jackals
  3 quokkas
  5 bats
  7 frilled lizards
  12 kobolds
  4 rats
79 creatures vanquished.

Notes
Turn   | Place    | Note
-------+----------+-------------------------------------------
     0 | D:1      | qw the Gargoyle Hexslinger began the quest for the Orb.
     0 | D:1      | Reached XP level 1. HP: 12/12 MP: 2/2
     0 | D:1      | 0 ||| qw: Version: 0.3-a-51-g015441d
     0 | D:1      | 0 ||| qw: Game counter: 4172
     0 | D:1      | 0 ||| qw: Melee chars always use a shield: true
     0 | D:1      | 0 ||| qw: God list: Okawaru
     0 | D:1      | 0 ||| qw: Allow faded altars: false
     0 | D:1      | 0 ||| qw: Do Orc after clearing Dungeon:15 true
     0 | D:1      | 0 ||| qw: Do second Lair branch before Depths: true
     0 | D:1      | 0 ||| qw: Lair rune preference: random
     0 | D:1      | 0 ||| qw: Goals: Normal
     0 | D:1      | 0 ||| PLANNING D:1-11
   208 | D:1      | Reached XP level 2. HP: 16/16 MP: 3/3
   247 | D:1      | Found a faded altar of an unknown god.
   270 | D:1      | Reached skill level 3 in Ranged Weapons
   630 | D:1      | Reached XP level 3. HP: 20/21 MP: 4/4
   775 | D:1      | 775 ||| UPGRADING to +0 leather armour.
   785 | D:1      | 785 ||| DROPPING +0 robe.
   786 | D:1      | 786 ||| READING scroll labelled FUZUSY NAUMAJ.
   787 | D:1      | 787 ||| DROPPING scroll of poison.
   808 | D:2      | 808 ||| STAIRDANCE
   821 | D:2      | 821 ||| STAIRDANCE
   859 | D:2      | 859 ||| STAIRDANCE
  1314 | D:2      | Reached XP level 4. HP: 25/26 MP: 5/5
  1630 | D:2      | Reached skill level 4 in Ranged Weapons
  1813 | D:2      | 1813 ||| UPGRADING to +0 ring mail.
  1823 | D:2      | 1823 ||| DROPPING +0 leather armour.
  1824 | D:2      | 1824 ||| READING scroll labelled GOAVUVATIZ.
  1825 | D:2      | 1825 ||| READING scroll labelled IRICLO DODU.
  1826 | D:2      | 1826 ||| DRINKING 2 white potions.
  1858 | D:3      | 1858 ||| STAIRDANCE
  1867 | D:2      | Reached skill level 1 in Armour
  2172 | D:3      | Reached XP level 5. HP: 30/30 MP: 6/6
  2424 | D:3      | 2424 ||| UPGRADING to +4 ring of protection.
  2425 | D:3      | 2425 ||| READING scroll labelled CILUTZOKAU.
  2514 | D:4      | Found Coganeta's Weapon Shop.
  2623 | D:4      | Reached skill level 5 in Ranged Weapons
  2631 | D:4      | HP: 4/30 [gnoll/+0 flail (4)]
  2631 | D:4      | HP: 1/30 [gnoll/+0 spear (2)]
  2634 | D:4      | Slain by a gnoll

Levels and vault maps discovered:
D:1:      mainiacjoe_arrival_reflecting_pool, layout_loops_corners,
          hellmonk_ecumenical_altar_heavens_door
D:2:      layout_basic, serial_co_window_serial, co_window_paths_a,
          co_window_paths_a, co_window_corner_a, co_window_paths_b,
          co_window_paths_b, co_window_2corner, co_window_corner_b,
          co_window_broadway_b, co_window_4corner_a, small_statue_intersection
D:3:      layout_rooms
D:4:      layout_basic, dreamdust_divine_triumvirate,
          mainiacjoe_overflow_alcove_1, serial_shops, shop

Skill      XL: |  1  2  3  4  5 |
---------------+----------------+-----
Ranged Weapons | 3 4 5 |  5.0
Fighting       | 2 |  2.0
Armour         | 1 |  1.9
Dodging        | |  1.5
Spellcasting   | |  1.0
Hexes          | |  2.6

Action                     |  1- 3 |  4- 6 || total
---------------------------+-------+-------++-------
   Fire: Sling             |   119 |   136 ||   255
    Use: Scroll            |     1 |     3 ||     4
         Potion            |       |     1 ||     1
 Armour: Robe              |     4 |       ||     4
         Leather armour    |    23 |       ||    23
         Ring mail         |       |    54 ||    54
  Dodge: Dodged            |    54 |    51 ||   105

Table legend:
 A = Non-vault XP
 B = Vault XP
 C = Vault XP percentage of total XP
 D = Non-vault monster count
 E = Vault monster count
 F = Vault count percentage of total count
                 A         B        C        D         E       F
            +---------+---------+-------+---------+---------+-------
      Total |     266 |       0 |   0.0 |      79 |       0 |   0.0
            +---------+---------+-------+---------+---------+-------
        D:1 |      48 |       0 |   0.0 |      29 |       0 |   0.0
        D:2 |      93 |       0 |   0.0 |      22 |       0 |   0.0
        D:3 |      40 |       0 |   0.0 |      20 |       0 |   0.0
        D:4 |      85 |       0 |   0.0 |       8 |       0 |   0.0
            +---------+---------+-------+---------+---------+-------
